 Dungeon Crawl Stone Soup version 0.14.0-9-g9c5475a (webtiles) character file.

624 MDvedh the Poker (level 6, 0/30 HPs)
             Began as a Vine Stalker Death Knight on Apr 14, 2014.
             Was a Priest of Yredelemnul.
             Slain by an orc warrior
             ... wielding a +0,+0 broad axe
              (14 damage)
             ... on Level 4 of the Dungeon.
             The game lasted 00:06:53 (3942 turns).

MDvedh the Poker (Vine Stalker Death Knight)        Turns: 3942, Time: 00:06:53

HP   0/30        AC 12     Str 17      XL: 6   Next: 97%
MP   0/10        EV  4     Int 11      God: Yredelemnul [***...]
Gold 197         SH  0     Dex 14      Spells:  0 memorised,  5 levels left

rFire  . . .     SeeInvis .     a - +2 spear
rCold  . . .     Clarity  .     k - +1 plate armour
rNeg   . . .     Conserve .     (no shield)
rPois  .         rCorr    .     (no helmet)
rElec  .         rRot     +     g - +0 cloak
SustAb . .       Spirit   +     (no gloves)
rMut   .         Warding  .     (no boots)
Saprov . . .     Stasis   .     (no amulet)
MR     .....                    (no ring)
                                (no ring)

@: not resistant to hostile enchantments, extremely unstealthy
A: fangs 2, regeneration 2, magic shield, antimagic bite, no device heal
a: Animate Dead, Recall Undead Slaves, Injury Mirror, Renounce Religion


You were on level 4 of the Dungeon.
You worshipped Yredelemnul.
Yredelemnul was most pleased with you.
You were hungry.

You visited 1 branch of the dungeon, and saw 4 of its levels.

You collected 197 gold pieces.

Inventory:

Hand weapons
 a - a +2,+2 spear (weapon)
Armour
 g - a +0 cloak (worn)
 k - a +1 plate armour (worn)
Magical devices
 e - a wand of confusion (4)
Comestibles
 c - 4 bread rations
 n - a choko
 w - an apple
Scrolls
 b - a scroll of fog
 h - a scroll of enchant weapon II
 i - 4 scrolls of remove curse
 j - 2 scrolls of recharging
 l - a scroll of fear
Jewellery
 q - an uncursed ring of fire {unknown}
Potions
 d - 2 potions of invisibility
 f - a potion of flight {unknown}
 v - 2 potions of agility {unknown}


   Skills:
 - Level 1.7 Fighting
 + Level 6.6 Polearms
 - Level 0.7 Armour
 - Level 0.7 Dodging
 - Level 2.6 Invocations


You had 5 spell levels left.
You didn't know any spells.

Dungeon Overview and Level Annotations

Branches:
Dungeon (4/15)
 Temple: D:4-7

Altars:

Annotations:
D:3 Sedillia's ghost, average MiFi


Innate Abilities, Weirdness & Mutations

You are immune to rotting.
You have extremely sharp teeth.
You heal very quickly.
When hurt, damage is shared between your health and your magic reserves.
Your bite disrupts and absorbs the magic of your enemies.
Potions and wands cannot restore your HP.


Message History

The orc warrior barely misses you.
You completely miss the orc warrior. Your bite misses the orc warrior.
The orc warrior is almost dead.
Your plate armour prevents you from hitting the orc warrior.
You bite the orc warrior, but do no damage.
The orc warrior is almost dead.
The orc warrior hits you with a broad axe.
You closely miss the orc warrior.
You bite the orc warrior, but do no damage.
The orc warrior is almost dead.
The orc warrior hits you with a broad axe!
You hit the orc warrior but do no damage.
You bite the orc warrior, but do no damage.
The orc warrior is almost dead.
All of the chunks of flesh in your inventory have completely rotted away.
You hit the orc warrior but do no damage.
The orc warrior is almost dead.
The orc warrior hits you with a broad axe!
You die...
Your body rises from the dead as a mindless zombie.

.........# #...# ..... o........#
#...# .....
.........#######...#########.....
.................................
.................................
.........#####.(........#########
#######.<# #..........# #).#
#..o.......#
#######..#####..@.......#########
................(................
.................(...............
..##########......%(((...(.......
..# #.......(.....(....... ..#
#.......(............. .%#
#.....................
..##########........(............
.................................


You could see an orc warrior.

Vanquished Creatures
  Sigmund (D:3)
  Crazy Yiuf (D:3)
  An orc priest (D:4)
  4 worker ants
  Jessica (D:3)
  6 adders
  A gnoll (D:3)
  A giant mite (D:3)
  2 worms
  A giant eyeball (D:4)
  3 giant geckos
  An ooze (D:2)
  8 orcs
  2 ball pythons (D:2)
  3 giant cockroaches
  8 goblins
  7 hobgoblins
  12 kobolds
  15 bats
  3 giant newts
  6 rats
87 creatures vanquished.

Notes
Turn   | Place    | Note
--------------------------------------------------------------
     0 | D:1      | MDvedh, the Vine Stalker Death Knight, began the quest for the Orb.
     0 | D:1      | Reached XP level 1. HP: 11/11 MP: 1/1
   169 | D:1      | Reached XP level 2. HP: 15/15 MP: 3/3
   730 | D:2      | Reached skill level 3 in Polearms
   730 | D:2      | Reached XP level 3. HP: 14/18 MP: 3/5
  1152 | D:2      | Reached XP level 4. HP: 20/23 MP: 6/6
  1311 | D:2      | Acquired Yredelemnul's second power
  1333 | D:2      | Reached skill level 4 in Polearms
  1848 | D:3      | Noticed Sedillia's ghost (average MiFi)
  2022 | D:3      | Noticed Jessica
  2029 | D:3      | Killed Jessica
  2444 | D:3      | Reached XP level 5. HP: 26/26 MP: 9/9
  2513 | D:3      | Noticed Sigmund
  2551 | D:3      | Killed Sigmund
  2551 | D:3      | Reached skill level 5 in Polearms
  2924 | D:3      | Gained mutation: You heal very quickly. [vine stalker growth]
  2924 | D:3      | Reached XP level 6. HP: 28/30 MP: 8/10
  3036 | D:3      | Noticed Crazy Yiuf
  3088 | D:3      | Killed Crazy Yiuf
  3501 | D:4      | Reached skill level 6 in Polearms
  3771 | D:4      | Acquired Yredelemnul's third power
  3785 | D:4      | Paralysed by a giant eyeball for 3 turns
  3942 | D:4      | Slain by an orc warrior

Action                   |  1- 3 |  4- 6 || total
-------------------------+-------+-------++-------
Melee: Spear             |    91 |   322 ||   413
Evoke: Wand              |       |     3 ||     3
  Use: Potion            |       |     4 ||     4
       Scroll            |       |    12 ||    12
 Stab: Confused          |       |     3 ||     3
